DBL
LOS ANGELES DODGERS @ COLORADO ROCKIES
07/02/1997
 
TOP OF THE 1ST
Los Angeles Dodgers batting - Pitching for Colorado Rockies : RHP Bill Wegman
Pitching: RHP Bill Wegman
Batting: RHB Brian L Hunter 0-0: Swinging Strike
0-1: Ball
1-1: Ball
2-1: Foul Ball, location: 2F
2-2: SINGLE (Line Drive, 4MD, EV 97.5 MPH)
Batting: RHB Chris Brown 0-0: Ball
Brian L Hunter is caught stealing 2nd base 2-4
1-0: Ball
2-0: Fly out, F9 (Flyball, 9LSF, EV 90.6 MPH)
Batting: LHB Ryan Klesko 0-0: Ground out 1-3 (Groundball, P, EV 73.1 MPH)
Top of the 1st over - 0 runs, 1 hit, 0 errors, 0 left on base; Los Angeles 0 - Colorado 0
BOTTOM OF THE 1ST
Colorado Rockies batting - Pitching for Los Angeles Dodgers : RHP Bartolo Colon
Pitching: RHP Bartolo Colon
Batting: LHB Todd Helton 0-0: Ball
1-0: Ball
2-0: Ball
3-0: Called Strike
3-1: Fly out, F7 (Flyball, 7, EV 91.9 MPH)
Batting: RHB Juan Gonzalez 0-0: Ball
1-0: Called Strike
1-1: Ball
2-1: Foul Ball, location: 2F
2-2: Strikes out swinging
Batting: SHB Bill R Mueller 0-0: Ball
1-0: Ball
2-0: Ground out 4-3 (Groundball, 34D, EV 104.4 MPH)
Bottom of the 1st over - 0 runs, 0 hits, 0 errors, 0 left on base; Los Angeles 0 - Colorado 0
TOP OF THE 2ND
Los Angeles Dodgers batting - Pitching for Colorado Rockies : RHP Bill Wegman
Batting: LHB Rafael Palmeiro 0-0: Ball
1-0: Ball
2-0: Called Strike
2-1: Ground out 6-3 (Groundball, 6, EV 110.0 MPH)
Batting: RHB Jeffrey Hammonds 0-0: Ball
1-0: Fly out, F4 (Popup, 3S, EV 71.9 MPH)
Batting: SHB Jason Varitek 0-0: Foul Ball, location: 2F
0-1: Ball
1-1: Ground out 6-3 (Groundball, 6, EV 85.0 MPH)
Top of the 2nd over - 0 runs, 0 hits, 0 errors, 0 left on base; Los Angeles 0 - Colorado 0
BOTTOM OF THE 2ND
Colorado Rockies batting - Pitching for Los Angeles Dodgers : RHP Bartolo Colon
Batting: LHB Bob Hamelin 0-0: Foul Ball, location: 2F
0-1: Swinging Strike
0-2: Fly out, F8 (Flyball, 89D, EV 88.8 MPH)
Batting: LHB David Dellucci 0-0: SINGLE (Groundball, 4MD, EV 98.8 MPH)
Batting: RHB Damion Easley 0-0: Ball
David Dellucci steals 2nd base
1-0: Ball
2-0: Ball
3-0: Called Strike
3-1: Foul Ball, location: 2F
3-2: Ground out 6-3 (Groundball, 6M, EV 108.1 MPH)
David Dellucci to third
Batting: RHB Steve Gibralter 0-0: Foul Ball, location: 2F
0-1: Swinging Strike
0-2: Ball
1-2: Ball
2-2: Ball
3-2: Foul Ball, location: 2F
3-2: Foul Ball, location: 2F
3-2: Foul Ball, location: 2F
3-2: Ground out 5-3 (Groundball, 56, EV 99.4 MPH)
Bottom of the 2nd over - 0 runs, 1 hit, 0 errors, 1 left on base; Los Angeles 0 - Colorado 0
TOP OF THE 3RD
Los Angeles Dodgers batting - Pitching for Colorado Rockies : RHP Bill Wegman
Batting: RHB Torii Hunter 0-0: Foul Ball, location: 2F
0-1: Ball
1-1: Swinging Strike
1-2: Ball
2-2: DOUBLE (Flyball, 8RXD, EV 91.9 MPH)
Batting: RHB Homer Bush 0-0: Ball
1-0: Bunt missed!
1-1: Sac Bunt to 5S - play at first, batter OUT! 5-4
Torii Hunter to third
Batting: SHB Kevin Stocker 0-0: Ball
1-0: Called Strike
1-1: Foul Ball, location: 2F
1-2: Ball
2-2: Ball
3-2: Foul Ball, location: 2F
3-2: Ground out 5-3 (Groundball, 56S, EV 86.3 MPH)
Torii Hunter scores
Batting: RHB Brian L Hunter 0-0: Hit by Pitch
Batting: RHB Chris Brown 0-0: Ball
1-0: Called Strike
1-1: Reached on error, E8 (Line Drive, 8LD, EV 102.5 MPH)
Brian L Hunter to third
Batting: LHB Ryan Klesko 0-0: Ball
1-0: Ball
2-0: Called Strike
2-1: Fly out, F7 (Flyball, 7, EV 88.8 MPH)
Top of the 3rd over - 1 run, 1 hit, 1 error, 2 left on base; Los Angeles 1 - Colorado 0
BOTTOM OF THE 3RD
Colorado Rockies batting - Pitching for Los Angeles Dodgers : RHP Bartolo Colon
Batting: LHB Chip Hale 0-0: Ball
1-0: Ground out 6-3 (Groundball, 6S, EV 88.1 MPH)
Batting: SHB Brian Banks 0-0: Ball
1-0: Swinging Strike
1-1: Foul Ball, location: 2F
1-2: Ball
2-2: Strikes out looking
Batting: LHB Todd Helton 0-0: Called Strike
0-1: Ball
1-1: Ball
2-1: Ball
3-1: Called Strike
3-2: SINGLE (Line Drive, 4MD, EV 96.3 MPH)
Batting: RHB Juan Gonzalez 0-0: Foul Ball, location: 2F
0-1: Swinging Strike
0-2: Strikes out looking
Bottom of the 3rd over - 0 runs, 1 hit, 0 errors, 1 left on base; Los Angeles 1 - Colorado 0
TOP OF THE 4TH
Los Angeles Dodgers batting - Pitching for Colorado Rockies : RHP Bill Wegman
Batting: LHB Rafael Palmeiro 0-0: Ball
1-0: Called Strike
1-1: Fly out, F8 (Line Drive, 8LM, EV 106.3 MPH)
Batting: RHB Jeffrey Hammonds 0-0: Foul Ball, location: 2F
0-1: Called Strike
0-2: Ball
1-2: Foul Ball, location: 2F
1-2: Strikes out swinging, 2-3 out at first.
Batting: SHB Jason Varitek 0-0: Ball
1-0: Called Strike
1-1: Ball
2-1: SINGLE (Groundball, 34D, EV 105.6 MPH)
Batting: RHB Torii Hunter 0-0: Swinging Strike
0-1: Foul Ball, location: 2F
0-2: Foul Ball, location: 2F
0-2: Reached on error, E4 (Groundball, 4, EV 79.4 MPH)
Jason Varitek to second
Batting: RHB Homer Bush 0-0: Ball
1-0: Fly out, F7 (Line Drive, 7, EV 87.5 MPH)
Top of the 4th over - 0 runs, 1 hit, 1 error, 2 left on base; Los Angeles 1 - Colorado 0
BOTTOM OF THE 4TH
Colorado Rockies batting - Pitching for Los Angeles Dodgers : RHP Bartolo Colon
Batting: SHB Bill R Mueller 0-0: Ball
1-0: Foul Ball, location: 2F
1-1: DOUBLE (Line Drive, 8RXD, EV 107.5 MPH)
Batting: LHB Bob Hamelin 0-0: Called Strike
0-1: Foul Ball, location: 2F
0-2: Ball
1-2: Ball
2-2: Ball
3-2: Base on Balls
Batting: LHB David Dellucci 0-0: Foul Ball, location: 2F
0-1: Called Strike
0-2: Foul Ball, location: 2F
0-2: Fly out, F7 (Flyball, 78M, EV 96.3 MPH)
Batting: RHB Damion Easley 0-0: Called Strike
0-1: Ball
1-1: Fielders Choice at 2nd, 4-6 (Groundball, 4S, EV 78.8 MPH)
Bill R Mueller to third
Batting: RHB Steve Gibralter 0-0: Ball
1-0: Called Strike
1-1: Foul Ball, location: 2F
1-2: Foul Ball, location: 2F
1-2: Foul Ball, location: 2F
1-2: Ball
2-2: SINGLE (Groundball, 56D, EV 98.8 MPH)
Bill R Mueller scores
Damion Easley to second
Runner from 2nd tries for 3rd, SAFE, throw by LF made to third
Batting: LHB Chip Hale 0-0: Called Strike
0-1: Ball
1-1: Ball
2-1: Ball
3-1: Called Strike
3-2: Foul Ball, location: 2F
3-2: SINGLE (Groundball, 4MD, EV 106.9 MPH)
Damion Easley scores
Steve Gibralter to second
Steve Gibralter to third
Batting: SHB Brian Banks 0-0: Called Strike
0-1: Called Strike
0-2: Foul Ball, location: 2F
0-2: Strikes out swinging
Bottom of the 4th over - 2 runs, 3 hits, 0 errors, 2 left on base; Los Angeles 1 - Colorado 2
TOP OF THE 5TH
Los Angeles Dodgers batting - Pitching for Colorado Rockies : RHP Bill Wegman
Batting: SHB Kevin Stocker 0-0: Swinging Strike
0-1: Ball
1-1: Fly out, F7 (Flyball, 7, EV 75.6 MPH)
Batting: RHB Brian L Hunter 0-0: SINGLE (Line Drive, 89S, EV 91.9 MPH)
Batting: RHB Chris Brown 0-0: Called Strike
0-1: Ball
1-1: Fly out, F8 (Flyball, 8LM, EV 94.4 MPH)
Batting: LHB Ryan Klesko 0-0: Ball
1-0: Ball
2-0: Called Strike
2-1: Ball
3-1: Called Strike
3-2: 2-RUN HOME RUN (Flyball, 7D, EV 102.5 MPH), Distance : 386 ft
Batting: LHB Rafael Palmeiro 0-0: Ball
1-0: Ball
2-0: Called Strike
2-1: Ball
3-1: SOLO HOME RUN (Flyball, 78XD, EV 111.3 MPH), Distance : 399 ft
Batting: RHB Jeffrey Hammonds 0-0: Swinging Strike
0-1: Ball
1-1: Ball
2-1: Ball
3-1: Ground out 5-3 (Groundball, 56S, EV 76.3 MPH)
Top of the 5th over - 3 runs, 3 hits, 0 errors, 0 left on base; Los Angeles 4 - Colorado 2
BOTTOM OF THE 5TH
Colorado Rockies batting - Pitching for Los Angeles Dodgers : RHP Bartolo Colon
Batting: LHB Todd Helton 0-0: Called Strike
0-1: Fly out, F7 (Line Drive, 7D, EV 91.9 MPH)
Batting: RHB Juan Gonzalez 0-0: Ball
1-0: Ball
2-0: Swinging Strike
2-1: Foul Ball, location: 2F
2-2: Ball
3-2: Strikes out swinging
Batting: SHB Bill R Mueller 0-0: Ball
1-0: Ball
2-0: Called Strike
2-1: Fly out, F9 (Flyball, 9D, EV 94.4 MPH)
Bottom of the 5th over - 0 runs, 0 hits, 0 errors, 0 left on base; Los Angeles 4 - Colorado 2
TOP OF THE 6TH
Los Angeles Dodgers batting - Pitching for Colorado Rockies : RHP Bill Wegman
Batting: SHB Jason Varitek 0-0: Ball
1-0: Called Strike
1-1: Ball
2-1: Swinging Strike
2-2: Ball
3-2: Foul Ball, location: 2F
3-2: Base on Balls
Batting: RHB Torii Hunter 0-0: Ball
1-0: Fly out, F9 (Flyball, 89M, EV 81.3 MPH)
Batting: RHB Homer Bush 0-0: Ball
1-0: Ball
2-0: Fielders Choice at 2nd, 1-6 (Groundball, 34S, EV 68.8 MPH)
Batting: SHB Kevin Stocker 0-0: Ball
Homer Bush steals 2nd base
1-0: Ball
2-0: Called Strike
2-1: Fly out, F8 (Flyball, 8LM, EV 92.5 MPH)
Top of the 6th over - 0 runs, 0 hits, 0 errors, 1 left on base; Los Angeles 4 - Colorado 2
BOTTOM OF THE 6TH
Colorado Rockies batting - Pitching for Los Angeles Dodgers : RHP Bartolo Colon
Batting: LHB Bob Hamelin 0-0: Called Strike
0-1: Ball
1-1: Foul Ball, location: 2F
1-2: Foul Ball, location: 2F
1-2: Strikes out looking
Batting: LHB David Dellucci 0-0: Called Strike
0-1: Called Strike
0-2: Ball
1-2: SINGLE (Line Drive, 34D, EV 96.9 MPH)
Batting: RHB Damion Easley 0-0: Ball
1-0: Ball
2-0: Ball
3-0: Called Strike
3-1: Foul Ball, location: 2F
3-2: Reached on error, E6 (Groundball, 6S, EV 90.0 MPH)
David Dellucci to second
Batting: RHB Steve Gibralter 0-0: Foul Ball, location: 2F
0-1: Fly out, F8 (Flyball, 89D, EV 99.4 MPH)
Batting: LHB Chip Hale 0-0: Ball
1-0: Swinging Strike
1-1: Foul Ball, location: 2F
1-2: Strikes out swinging
Bottom of the 6th over - 0 runs, 1 hit, 1 error, 2 left on base; Los Angeles 4 - Colorado 2
TOP OF THE 7TH
Los Angeles Dodgers batting - Pitching for Colorado Rockies : RHP Bill Wegman
Batting: RHB Brian L Hunter 0-0: Called Strike
0-1: Ball
1-1: Ball
2-1: Ground out 6-3 (Groundball, 6, EV 87.5 MPH)
Pitching: RHP Mike Timlin
Batting: RHB Chris Brown 0-0: Ball
1-0: Ball
2-0: Called Strike
2-1: Called Strike
2-2: Ball
3-2: Strikes out swinging, 2-3 out at first.
Batting: LHB Ryan Klesko 0-0: Called Strike
0-1: Ball
1-1: Foul Ball, location: 2F
1-2: Fly out, F6 (Popup, 6, EV 66.9 MPH)
Top of the 7th over - 0 runs, 0 hits, 0 errors, 0 left on base; Los Angeles 4 - Colorado 2
BOTTOM OF THE 7TH
Colorado Rockies batting - Pitching for Los Angeles Dodgers : RHP Bartolo Colon
Batting: SHB Brian Banks 0-0: Ball
1-0: Ball
2-0: Called Strike
2-1: Swinging Strike
2-2: SOLO HOME RUN (Flyball, 9D, EV 92.5 MPH), Distance : 392 ft
Batting: LHB Todd Helton 0-0: Called Strike
0-1: Swinging Strike
0-2: Strikes out swinging
Batting: RHB Juan Gonzalez 0-0: Ball
1-0: Foul Ball, location: 2F
1-1: Called Strike
1-2: Ball
2-2: Strikes out swinging
Batting: SHB Bill R Mueller 0-0: Foul Ball, location: 2F
0-1: Ground out 5-3 (Groundball, 56S, EV 71.3 MPH)
Bottom of the 7th over - 1 run, 1 hit, 0 errors, 0 left on base; Los Angeles 4 - Colorado 3
TOP OF THE 8TH
Los Angeles Dodgers batting - Pitching for Colorado Rockies : RHP Mike Timlin
Batting: LHB Rafael Palmeiro 0-0: SINGLE (Line Drive, 89S, EV 101.3 MPH)
Batting: RHB Jeffrey Hammonds 0-0: Swinging Strike
0-1: Called Strike
0-2: SINGLE (Groundball, 6MD, EV 98.1 MPH)
Rafael Palmeiro to second
Batting: SHB Jason Varitek 0-0: Bunt missed!
0-1: Bunt missed!
0-2: Ball
1-2: Foul Ball, location: 2F
1-2: Strikes out looking
Batting: RHB Torii Hunter 0-0: Called Strike
0-1: Foul Ball, location: 2F
0-2: Ball
1-2: Ball
2-2: Strikes out swinging
Batting: RHB Homer Bush 0-0: Fly out, F2 (Popup, 23F, EV 82.5 MPH)
Top of the 8th over - 0 runs, 2 hits, 0 errors, 2 left on base; Los Angeles 4 - Colorado 3
BOTTOM OF THE 8TH
Colorado Rockies batting - Pitching for Los Angeles Dodgers : RHP Bartolo Colon
Now at 3B: Joe Randa
Batting: LHB Bob Hamelin 0-0: Ball
1-0: Ball
2-0: Ball
3-0: Foul Ball, location: 2F
3-1: Base on Balls
Pitching: LHP Bill Wilkinson
Batting: LHB David Dellucci 0-0: Ball
1-0: Reached on error, E4 (Groundball, 4, EV 101.9 MPH)
Bob Hamelin to second
Pitching: RHP Rudy Seanez
Batting: RHB Damion Easley 0-0: Ball
1-0: Fly out, F7 (Flyball, 78D, EV 100.6 MPH)
Batting: RHB Steve Gibralter 0-0: Called Strike
0-1: Fly out, F7 (Line Drive, 7S, EV 90.6 MPH)
Batting: LHB Chip Hale 0-0: Ball
1-0: Ball
2-0: Foul Ball, location: 2F
2-1: Foul Ball, location: 2F
2-2: Ball
3-2: Base on Balls
Bob Hamelin to third
David Dellucci to second
Batting: SHB Brian Banks 0-0: Called Strike
0-1: Ball
1-1: Fly out, F7 (Flyball, 7LM, EV 105.6 MPH)
Bottom of the 8th over - 0 runs, 0 hits, 1 error, 3 left on base; Los Angeles 4 - Colorado 3
TOP OF THE 9TH
Los Angeles Dodgers batting - Pitching for Colorado Rockies : RHP Mike Timlin
Batting: SHB Kevin Stocker 0-0: Ground out 4-3 (Groundball, 4MD, EV 84.4 MPH)
Batting: RHB Brian L Hunter 0-0: Called Strike
0-1: Swinging Strike
0-2: Ball
1-2: Foul Ball, location: 2F
1-2: Foul Ball, location: 2F
1-2: Ground out 4-3 (Groundball, 4, EV 99.4 MPH)
Batting: RHB Chris Brown 0-0: Ball
1-0: Called Strike
1-1: Ball
2-1: Ground out 4-3 (Groundball, 4S, EV 80.0 MPH)
Top of the 9th over - 0 runs, 0 hits, 0 errors, 0 left on base; Los Angeles 4 - Colorado 3
BOTTOM OF THE 9TH
Colorado Rockies batting - Pitching for Los Angeles Dodgers : RHP Rudy Seanez
Pitching: LHP Ricardo Rincon
Batting: LHB Todd Helton 0-0: Fly out, F8 (Flyball, 8RM, EV 83.8 MPH)
Batting: RHB Juan Gonzalez 0-0: Foul Ball, location: 2F
0-1: Ball
1-1: Swinging Strike
1-2: Ball
2-2: Foul Ball, location: 2F
2-2: Hit by Pitch
Batting: SHB Bill R Mueller 0-0: Ground out U3 (Groundball, 34, EV 90.0 MPH)
Juan Gonzalez to second
Batting: LHB Bob Hamelin 0-0: Ball
1-0: Ball
2-0: Foul Ball, location: 2F
2-1: Foul Ball, location: 2F
2-2: Strikes out looking
Bottom of the 9th over - 0 runs, 0 hits, 0 errors, 1 left on base; Los Angeles 4 - Colorado 3
Wednesday, March 4th, 2026 - OOTP Baseball 20.8 Build 74